 Dungeon Crawl Stone Soup version 0.31-a0-441-g867994ef1c (webtiles) character file.

Game seed: 2245075182305709127

3568 pokeman the Thaumaturge (level 9, 0/51 HPs)
             Began as a Deep Elf Hedge Wizard on Aug 3, 2023.
             Was a Follower of Vehumet.
             Killed from afar by Erica (21 damage)
             ... with a bolt of poison
             ... on level 8 of the Dungeon.
             The game lasted 00:16:46 (8665 turns).

pokeman the Thaumaturge (Deep Elf Hedge Wizard)     Turns: 8665, Time: 00:16:47

Health: 0/51       AC:  7    Str:  7    XL:     9   Next: 84%
Magic:  13/26      EV: 13    Int: 24    God:    Vehumet [*.....]
Gold:   107        SH:  0    Dex: 14    Spells: 17/31 levels left

rFire   . . .        u - +1 hand axe (venom)
rCold   . . .        (no shield)
rNeg    . . .        b - +0 robe
rPois   .            c - +0 hat
rElec   .            (no cloak)
rCorr   +            (no gloves)
SInv    .            w - +0 pair of boots
Will    .....        (no amulet)
Stlth   ++           x - ring of resist corrosion
HPRegen 0.28/turn    E - +4 ring of protection
MPRegen 0.20/turn

%: no passive effects
@: lethally poisoned (0 -> -13)
A: no striking features
a: Renounce Religion


You were on level 8 of the Dungeon.
You worshipped Vehumet.
Vehumet was aware of your devotion.
You visited 2 branches of the dungeon, and saw 9 of its levels.
You also visited: Ossuary.

You collected 395 gold pieces.
You spent 288 gold pieces at shops.

Inventory:

Hand Weapons
 u - a +1 hand axe of venom (weapon)
 D - a +1 dagger of electrocution
Missiles
 v - 2 throwing nets
Armour
 b - a +0 robe (worn)
 c - a +0 hat (worn)
 w - a +0 pair of boots (worn)
 G - a +2 scale mail of fire resistance
Magical Staves
 g - a staff of cold
Jewellery
 x - a ring of resist corrosion (left hand)
 E - a +4 ring of protection (right hand)
 K - an amulet of faith
Wands
 p - a wand of polymorph (9)
 C - a wand of charming (19)
 F - a wand of roots (23)
Scrolls
 f - 3 scrolls of poison {unknown}
 h - 8 scrolls of teleportation
 j - 3 scrolls of vulnerability {unknown}
 l - 2 scrolls of immolation {unknown}
 m - 3 scrolls of enchant weapon {unknown}
 n - a scroll of revelation {unknown}
 s - 9 scrolls of identify
 y - 2 scrolls of amnesia {unknown}
 A - 2 scrolls of fog {unknown}
 H - a scroll of silence {unknown}
 J - a scroll of fear {unknown}
Potions
 a - 2 potions of curing {unknown}
 d - 2 potions of magic
 e - 2 potions of heal wounds
 i - a potion of lignification {unknown}
 k - a potion of mutation {unknown}
 o - 3 potions of degeneration {unknown}
 q - 4 potions of cancellation {unknown}
 r - 2 potions of enlightenment {unknown}
 t - a potion of ambrosia {unknown}
 z - 3 potions of attraction {unknown}
 B - 2 potions of might {unknown}
 I - a potion of invisibility {unknown}
 L - a potion of berserk rage {unknown}
Miscellaneous
 M - a tin of tremorstones (2/2)


   Skills:
 + Level 3.2 Fighting
 - Level 3.0 Armour
 - Level 3.1 Dodging
 - Level 3.1 Stealth
 * Level 11.9 Spellcasting
 + Level 8.1 Conjurations
 - Level 1.1 Summonings
 - Level 1.1 Translocations
 + Level 5.7 Ice Magic
 - Level 1.0 Air Magic
 - Level 1.0 Poison Magic
 - Level 1.0 Evocations


You had 17 spell levels left.
You knew the following spells:

 Your Spells              Type           Power      Damage    Failure   Level
a - Magic Dart            Conj           100%       1d8       1%          1
b - Mephitic Cloud        Conj/Pois/Air  30%        N/A       3%          3
c - Call Imp              Summ           38%        N/A       4%          2
d - Blink                 Tloc           38%        N/A       4%          2
e - Foxfire               Conj/Fire      100%       2x1d9     1%          1
f - Freezing Cloud        Conj/Ice/Air   19%        6-21      16%         5

Your spell library contained the following spells:

 Spells                   Type           Power      Damage    Failure   Level
 Ensorcelled Hibernation  Hex/Ice        56%        N/A       1%          2
 Slow                     Hex            56%        N/A       4%          1
 Cigotuvi's Dreadful Rot  Necr/Pois/Air  34%        N/A       4%          2
 Call Canine Familiar     Summ           19%        N/A       9%          3
 Ignite Poison            Fire/Tmut/Pois 16%        N/A       11%         3
 Portal Projectile        Hex/Tloc       34%        N/A       11%         3
 Anguish                  Hex/Necr       7%         N/A       41%         4
 Leda's Liquefaction      Hex/Erth       7%         N/A       41%         4


Dungeon Overview and Level Annotations

Branches:
Dungeon (8/15)             Temple (1/1) D:5         Ossuary (visited)
   Lair: D:8-11

Altars:
Ashenzari
Cheibriados
Dithmenos
Elyvilon
Fedhas
Gozag
Hepliaklqana
Makhleb
Nemelex Xobeh
Okawaru
Qazlal
Ru
Sif Muna
Trog
Uskayaw
Vehumet
Wu Jian
Xom
Yredelemnul
Zin
The Shining One

Shops:
D:1 ?   D:4 [?

Annotations:
D:7 2 transporters, Loveship's ghost, novice DrSh
D:8 Erica


Message History

The yak is almost dead.
You kill the yak!
Vehumet accepts your kill. The white imp gestures at you.
The puff of frost hits something.
Your Conjurations skill increases to level 8!
Casting: Mephitic Cloud (dangerous; 3% risk of failure)
Confirm with . or Enter, or press ? or * to list all spells.
Aiming: Mephitic Cloud (dangerous; 3% risk of failure)
Press: ? - help, Shift-Dir - straight line The ball explodes into a vile cloud!
The stinking cloud engulfs something but does no damage.
You hear a bellow!
Unknown command.
Unknown command.
You hit the yak but do no damage.
The yak is poisoned.
The yak is severely wounded.
You closely miss something. Something hits you! Something burns you.
The white imp gestures at you.
The puff of frost hits something!
Unknown command.
You catch the helpless yak completely off-guard!
You hit the yak but do no damage.
The yak is severely wounded.
You miss something.
You hear some strange, mumbled words.
A lance of force appears from out of thin air!
The lance of force misses you.
The lance of force hits the yak!!
The yak dies!
The white imp gestures at you. The puff of frost hits you.
Unknown command.
Casting: Mephitic Cloud (dangerous; 3% risk of failure)
Confirm with . or Enter, or press ? or * to list all spells.
A tiny devil pulls itself out of the air.
You hear some strange, mumbled words.
A bolt of poison appears from out of thin air!
The bolt of poison hits you!!
You are poisoned.
You die...

....Y.).# ##.#
..#...#.# #.#
..§.. #.# #.#
..Y. #.# #.# .##
#.# #.# #Y# #.#
#.# #.#
..#######.#####.#
...5○°{@†5......#
..###############


You could see a white imp (ally target) and a friendly cerulean imp (summoned).

Vanquished Creatures
  Prince Ribbit (D:8)
  Sigmund (D:3)
  A wyvern (D:7)
  2 yaks
  A steam dragon (D:6)
  2 water moccasins
  An ice beast (D:7)
  A black bear (D:7)
  An ogre (D:6)
  2 centaurs
  2 phantoms
  A kobold brigand (D:5)
  4 bullfrogs
  6 scorpions
  4 killer bees (D:8)
  A howler monkey (D:7)
  A centaur zombie (Ossuary)
  2 human zombies (Ossuary)
  2 jellies (D:7)
  2 orc priests
  4 hounds
  5 iguanas
  6 orc wizards
  Ijyb (D:5)
  3 mummies (Ossuary)
  A gnoll (D:1)
  3 adders
  A shadow imp (D:6)
  An ufetubus (D:4)
  2 adder zombies (Ossuary)
  A worm (D:2)
  3 dart slugs
  39 orcs
  5 ball pythons
  7 endoplasms
  3 gnoll zombies (Ossuary)
  8 goblins
  8 hobgoblins
  6 jackals (D:4)
  4 quokkas
  6 bats
  A frilled lizard (D:2)
  5 goblin zombies (Ossuary)
  A hobgoblin zombie (Ossuary)
  A jackal zombie (Ossuary)
  6 kobolds
  6 kobold zombies (Ossuary)
  3 orc zombies (Ossuary)
  3 quokka zombies (Ossuary)
  9 rats
  5 rat zombies (Ossuary)
195 creatures vanquished.

Vanquished Creatures (collateral kills)
  3 orcs (D:3)
  An endoplasm (D:3)
4 creatures vanquished.

Vanquished Creatures (others)
  A yak (D:8)
  67 foxfires
68 creatures vanquished.

Grand Total: 267 creatures vanquished

Notes
Turn   | Place    | Note
-------+----------+-------------------------------------------
     0 | D:1      | pokeman the Deep Elf Hedge Wizard began the quest for the
                  | Orb.
     0 | D:1      | Reached XP level 1. HP: 10/10 MP: 7/7
   223 | D:1      | Found Loskig's Magic Scroll Shop.
   251 | D:1      | Reached XP level 2. HP: 5/16 MP: 1/9
   672 | D:1      | Reached skill level 5 in Spellcasting
   932 | D:1      | Reached XP level 3. HP: 17/20 MP: 3/11
   936 | D:1      | Learned a level 3 spell: Mephitic Cloud
   939 | D:1      | Learned a level 2 spell: Call Imp
   942 | D:1      | Learned a level 2 spell: Blink
  1913 | D:2      | Found a faded altar of an unknown god.
  1952 | D:2      | Reached skill level 1 in Armour
  2040 | D:3      | Reached skill level 1 in Fighting
  2207 | D:3      | Noticed Sigmund
  2221 | D:3      | Killed Sigmund
  2222 | D:3      | Reached XP level 4. HP: 9/25 MP: 5/13
  2222 | D:3      | Reached XP level 5. HP: 11/29 MP: 5/15
  2526 | D:3      | Reached skill level 5 in Conjurations
  2923 | D:3      | Reached XP level 6. HP: 34/34 MP: 13/16
  2968 | D:3      | Found a sacrificial altar of Ru.
  3417 | D:4      | Reached skill level 6 in Spellcasting
  3799 | D:4      | Found an ornate altar of the Wu Jian Council.
  3916 | D:4      | Reached skill level 1 in Ice Magic
  3916 | D:4      | Reached skill level 1 in Air Magic
  4021 | D:4      | Learned a level 5 spell: Freezing Cloud
  4247 | D:4      | Reached XP level 7. HP: 24/38 MP: 8/19
  4253 | D:4      | Reached skill level 7 in Spellcasting
  4253 | D:4      | Reached skill level 1 in Poison Magic
  4253 | D:4      | Reached skill level 1 in Evocations
  4463 | D:4      | Found Mozimics's Armour Boutique.
  4463 | D:4      | Found Peocw's Magic Scroll Emporium.
  4476 | D:4      | Bought a scroll of identify for 24 gold pieces
  4476 | D:4      | Bought a scroll of identify for 24 gold pieces
  4476 | D:4      | Bought a scroll of identify for 24 gold pieces
  4543 | D:5      | Entered Level 5 of the Dungeon
  4550 | D:5      | Noticed Ijyb
  4561 | D:5      | Found a sand-covered staircase.
  4568 | Ossuary  | Entered an ossuary
  5258 | D:5      | Killed Ijyb
  5333 | D:5      | Identified the +0 chain mail "Fithadiq" {rElec Dex+4 SInv}
  5364 | D:5      | Reached skill level 8 in Spellcasting
  5445 | D:5      | Found a broken altar of Ashenzari.
  5451 | D:5      | Found a glowing golden altar of the Shining One.
  5454 | D:5      | Found a shadowy altar of Dithmenos.
  5606 | D:1      | Bought a scroll of teleportation for 36 gold pieces
  5606 | D:1      | Bought a scroll of identify for 24 gold pieces
  5606 | D:1      | Bought a scroll of noise for 12 gold pieces
  5606 | D:1      | Bought 2 scrolls of teleportation for 72 gold pieces
  5606 | D:1      | Bought a scroll of teleportation for 36 gold pieces
  5606 | D:1      | Bought a scroll of teleportation for 36 gold pieces
  5745 | D:5      | Found a staircase to the Ecumenical Temple.
  5755 | Temple   | Entered the Ecumenical Temple
  5764 | Temple   | Became a worshipper of Vehumet
  5838 | D:5      | Reached XP level 8. HP: 44/44 MP: 19/22
  5979 | D:5      | Found a faded altar of an unknown god.
  5981 | D:5      | Found a hazy altar of Hepliaklqana.
  6431 | D:6      | Found a stormy altar of Qazlal.
  6497 | D:6      | Reached skill level 9 in Spellcasting
  6829 | D:6      | You fall into a shaft and drop 2 floors!
  7086 | D:7      | Found a transporter.
  7098 | D:7      | Found a transporter.
  7099 | D:7      | Noticed Loveship's ghost (novice DrSh)
  7470 | D:7      | Reached skill level 10 in Spellcasting
  7677 | D:7      | Reached XP level 9. HP: 4/48 MP: 13/25
  7691 | D:7      | Reached * piety under Vehumet
  7691 | D:7      | Offered knowledge of Foxfire by Vehumet.
  7694 | D:7      | Learned a level 1 spell: Foxfire
  7992 | D:7      | Reached skill level 11 in Spellcasting
  8092 | D:7      | Reached skill level 5 in Ice Magic
  8629 | D:8      | Noticed Prince Ribbit
  8647 | D:8      | Killed Prince Ribbit
  8658 | D:8      | Noticed Erica
  8665 | D:8      | Killed from afar by Erica

Illustrated notes

Levels and vault maps discovered:
D:1:      saegor_arrival_simple_b, layout_basic, serial_shops, shop,
          nrook_mini_backslash, minmay_misc_feat_cross, feat_on_display
D:2:      layout_basic, shapermc_ecumenical_altar_acropolis
D:3:      layout_loops_corners, mainiacjoe_overflow_small_starburst,
          serial_bayou_lake_a, uniq_sigmund
D:4:      layout_loops_ring, nicolae_wu_jian_wuxing_cycle,
          nicolae_wooded_promenade, kennysheep_small_square
D:5:      layout_cave_pools, beargit_hepliaklqana_dungeon_heroes,
          minmay_overflow_temple_star_quad, minmay_temple_entry_mist,
          chequers_ossuary_entry_cave, serial_bayou_pond_b, uniq_ijyb
D:6:      layout_rooms, mainiacjoe_overflow_paths, minmay_checkerbox
D:7:      kennysheep_windowed_halls, layout_cave_pools, gammafunk_ghost_smash
D:8:      layout_loops_ring, lair_entry_dummy, kennysheep_generic_room_3,
          uniq_erica, uniq_prince_ribbit1
Temple:   compressed_dpeg_circular_temple

Skill      XL: |  1  2  3  4  5  6  7  8  9 |
---------------+----------------------------+-----
Spellcasting   | 5 6 8 10 11 | 11.9
Armour         | 1 2 3 |  3.0
Fighting       | 1 2 3 |  3.2
Conjurations   | 4 5 6 7 8 |  8.1
Dodging        | 3 |  3.1
Stealth        | 3 |  3.1
Ice Magic      | 1 2 4 5 |  5.7
Air Magic      | 1 |  1.0
Poison Magic   | 1 |  1.0
Evocations     | 1 |  1.0
Summonings     | |  1.1
Translocations | |  1.1

Action                     |  1- 3 |  4- 6 |  7- 9 || total
---------------------------+-------+-------+-------++-------
  Melee: Dagger            |     9 |    12 |       ||    21
         Hand axe          |       |    16 |   207 ||   223
         Punch             |       |       |     8 ||     8
   Cast: Magic Dart        |   108 |   109 |   136 ||   353
         Call Imp          |     3 |     1 |     5 ||     9
         Mephitic Cloud    |     1 |     6 |    23 ||    30
         Freezing Cloud    |       |       |     1 ||     1
         Foxfire           |       |       |    38 ||    38
         Blink             |       |       |     1 ||     1
    Use: Potion            |       |       |     1 ||     1
   Stab: Confused          |     2 |     2 |    15 ||    19
         Sleeping          |       |       |     2 ||     2
         Distracted        |       |       |     1 ||     1
 Armour: Robe              |     1 |     5 |    74 ||    80
  Dodge: Dodged            |    22 |    31 |   216 ||   269

Table legend: (Time is in decaauts)
 A = Elapsed time spent in this place.
 B = Non-inter-level travel time spent in this place.
 C = Inter-level travel time spent in this place.
 D = Time resting spent in this place.
 E = Time spent auto-exploring this place.
 F = Levels seen in this place.
 G = Mean time per level.
                   A        B        C        D        E       F      G
               +--------+--------+--------+--------+--------+-----+--------+
         Total |   8772 |   8415 |    357 |     95 |   6891 |  10 |  877.2 |
       Dungeon |   8067 |   7718 |    349 |     95 |   6449 |   8 | 1008.4 |
        Temple |     18 |     10 |      8 |      0 |      0 |   1 |   18.0 |
       Ossuary |    686 |    686 |      0 |      0 |    442 |   1 |  686.0 |
               +--------+--------+--------+--------+--------+-----+--------+

Top non-repeatable levels by time:
     D:3: 1471 daAuts
     D:7: 1329 daAuts
     D:4: 1145 daAuts
     D:1: 1121 daAuts
     D:2: 976 daAuts
     D:5: 860 daAuts
     D:6: 754 daAuts
 Ossuary: 686 daAuts
     D:8: 407 daAuts
  Temple: 18 daAuts
